 Dungeon Crawl Stone Soup version 0.31-a0-408-gb642c7f9a3 (webtiles) character file.

Game seed: 3616572429571809399

238 RepHenryClay the Conjurer (level 5, -1/42 HPs)
             Began as a Deep Elf Hedge Wizard on July 30, 2023.
             Slain by Edmund
             ... wielding a +1 heavy flail
              (7 damage)
             ... on level 4 of the Dungeon.
             The game lasted 00:05:55 (2980 turns).

RepHenryClay the Conjurer (Deep Elf Hedge Wizard)   Turns: 2980, Time: 00:05:55

Health: -1/42      AC: 22    Str:  7    XL:     5   Next: 78%
Magic:  22/22      EV:  2    Int: 25    God:
Gold:   113        SH:  0    Dex: 16    Spells: 2/12 levels left

rFire   . . .        a - +0 dagger
rCold   . . .        (no shield)
rNeg    . . .        b - melded +0 robe
rPois   +            c - melded +0 hat
rElec   .            (cloak currently unavailable)
rCorr   .            i - melded +1 pair of gloves
SInv    .            (boots currently unavailable)
Will    .....        t - amulet of magic regeneration
Stlth   ++           f - ring of magical power
HPRegen 0.27/turn    j - +6 ring of intelligence
MPRegen 0.58/turn

%: no passive effects
@: tree-form, attractive
A: stationary, stasis, torment immunity, boosted hp
a: no special abilities


You were on level 4 of the Dungeon.
You were a tree.
You visited 1 branch of the dungeon, and saw 4 of its levels.

You collected 133 gold pieces.
You spent 20 gold pieces at shops.

Inventory:

Hand Weapons
 a - a +0 dagger (weapon)
Armour
 b - a +0 robe (melded)
 c - a +0 hat (melded)
 i - a +1 pair of gloves (melded)
 w - the +4 robe of the Hundredfold Quests {+Inv rN++ Str+3 Int-2}
   (You found it on level 2 of the Dungeon)

   Str:       It affects your strength (+3).
   Int:       It affects your intelligence (-2).
   rN:        It greatly protects you from negative energy.
   +Inv:      It lets you turn invisible.
Magical Staves
 x - a staff of death
Jewellery
 f - a ring of magical power (left branch)
 j - a +6 ring of intelligence (right branch)
 t - an amulet of magic regeneration (around neck)
 z - a ring of positive energy
 A - a ring of wizardry
Scrolls
 h - a scroll of blinking
 m - a scroll of noise
 o - a scroll of vulnerability
 p - a scroll of enchant armour
 y - a scroll of fear {unknown}
Potions
 d - a potion of magic
 e - 2 potions of attraction
 g - a potion of cancellation {unknown}
 k - a potion of lignification
 l - a potion of enlightenment {unknown}
 n - a potion of degeneration {unknown}
 r - a potion of mutation {unknown}
 s - 3 potions of berserk rage {unknown}
 u - 5 potions of curing {unknown}
 v - 2 potions of ambrosia {unknown}
 B - a potion of resistance {unknown}


   Skills:
 - Level 2.4 Dodging
 - Level 2.4 Stealth
 - Level 4.4 Spellcasting
 + Level 6.4 Conjurations
 - Level 1.1 Summonings
 - Level 1.1 Translocations


You had 2 spell levels left.
You knew the following spells:

 Your Spells              Type           Power      Damage    Failure   Level
a - Magic Dart            Conj           100%       1d8       1%          1
b - Blink                 Tloc           22%        N/A       9%          2
c - Mephitic Cloud        Conj/Pois/Air  16%        N/A       11%         3
d - Olgreb's Toxic Radia  Pois           5%         N/A       65%         4

Your spell library contained the following spells:

 Spells                   Type           Power      Damage    Failure   Level
 Static Discharge         Conj/Air       42%        2-4/arc   3%          2
 Freeze                   Ice            20%        1d4       9%          1
 Slow                     Hex            20%        N/A       9%          1
 Call Imp                 Summ           22%        N/A       9%          2
 Cigotuvi's Dreadful Rot  Necr/Pois/Air  10%        N/A       13%         2
 Hailstorm                Conj/Ice       21%        3d6       7%          3
 Frozen Ramparts          Ice            10%        1d2       26%         3
 Summon Lightning Spire   Summ/Air       8%         N/A       56%         4
 Airstrike                Air            2%         2d(1-17)  65%         4
 Discord                  Hex            2%         N/A       100%        8
 Ignition                 Fire           2%         3d3       100%        8


Dungeon Overview and Level Annotations

Branches:
Dungeon (4/15)
 Temple: D:4-7

Altars:
Okawaru
The Shining One

Shops:
D:1 [(*:?

Annotations:
D:4 Edmund, Sigmund


Message History

You feel sick.
You feel sick.
Damage: -4%(-1hp) hp: 61%(17hp)
You feel sick. The lemure hits you but does no damage.
Damage: -3%(-1hp) hp: 58%(16hp)
The lemure attacks as you move away! The lemure hits you.
* * * LOW HITPOINT WARNING * * *
You feel sick.
Huge Dmg: -22%(-6hp) hp: 36%(10hp)
As you read the scroll of teleportation, it crumbles to dust.
You feel strangely unstable.
You feel sick.
You are no longer poisoned.
The lemure completely misses you.
Unknown command.
The lemure attacks as you move away! The lemure hits you!
* * * LOW HITPOINT WARNING * * *
Your surroundings suddenly seem different.
A sleepcap comes into view.
Huge Dmg: -25%(-7hp) hp: 11%(3hp)
Found a rapier.
Unknown command.
Found a scroll of enchant armour.
An endoplasm comes into view.
Edmund shouts!
Found a stone staircase leading down.
Sigmund the Dreaded comes into view.
He is wielding a +0 scythe.
Sigmund shouts!
You hear a shout! x2
An endoplasm comes into view.
It was a potion of attraction.
You feel attractive to monsters. Edmund is attracted toward you.
Sigmund is attracted toward you.
Okay, then.
It was a potion of lignification.
You turn into a tree.
Your +0 hat melds into your body.
Your +1 pair of gloves melds into your body.
Your +0 robe melds into your body.
Your roots penetrate the ground.
Sigmund hits you with a +0 scythe.
* * * LOW HITPOINT WARNING * * *
Edmund hits you with a +1 heavy flail!
You die...

### #.######.##
..........### ###
...§..@♣....# ######..#
#.##..##@..####...#...##
..........###..........
#...##....§#.##........#
##. #.J...............#
........#....#..#......#
. >##..##....#..#.....#.
# ....#..............#
###....#........##....


You could see Edmund and Sigmund.

Vanquished Creatures
  2 scorpions
  A jelly (D:4)
  3 adders
  A worm (D:2)
  2 dart slugs
  5 orcs
  3 endoplasms
  8 goblins
  4 hobgoblins
  7 jackals
  2 quokkas
  8 ball pythons
  2 bats (D:1)
  3 frilled lizards
  2 kobolds
  3 rats
56 creatures vanquished.

Notes
Turn   | Place    | Note
-------+----------+-------------------------------------------
     0 | D:1      | RepHenryClay the Deep Elf Hedge Wizard began the quest for
                  | the Orb.
     0 | D:1      | Reached XP level 1. HP: 10/10 MP: 7/7
   361 | D:1      | Reached skill level 2 in Conjurations
   369 | D:1      | Reached XP level 2. HP: 15/15 MP: 9/9
   378 | D:1      | Learned a level 2 spell: Blink
   485 | D:1      | Found Haax's Weapon Shoppe.
   609 | D:1      | Found Tasingi's General Store.
   667 | D:1      | Found Pentono's Magic Scroll Shop.
   713 | D:1      | Found Pesmoawe's Book Boutique.
   888 | D:1      | Bought a scroll of identify for 20 gold pieces
  1066 | D:1      | Reached skill level 3 in Conjurations
  1078 | D:1      | Found Luurieti's Antique Armour Emporium.
  1263 | D:2      | Identified the +4 robe of the Hundredfold Quests {+Inv rN++
                  | Str+3 Int-2}
  1342 | D:2      | Found a glowing golden altar of the Shining One.
  1467 | D:2      | Reached XP level 3. HP: 19/19 MP: 10/10
  1774 | D:3      | Found a faded altar of an unknown god.
  1783 | D:3      | Reached skill level 4 in Conjurations
  1786 | D:3      | Reached XP level 4. HP: 24/24 MP: 12/12
  1875 | D:3      | Learned a level 3 spell: Mephitic Cloud
  1880 | D:3      | Learned a level 4 spell: Olgreb's Toxic Radiance
  2423 | D:3      | Found an iron altar of Okawaru.
  2533 | D:4      | Noticed a scorpion
  2535 | D:4      | Noticed a centaur
  2606 | D:3      | Killed a scorpion
  2607 | D:3      | Reached skill level 5 in Conjurations
  2607 | D:3      | Reached XP level 5. HP: 21/28 MP: 13/13
  2680 | D:4      | Noticed Edmund
  2956 | D:4      | Noticed a lemure
  2959 | D:4      | Reached skill level 6 in Conjurations
  2959 | D:4      | Noticed a lemure
  2977 | D:4      | Noticed Sigmund
  2980 | D:4      | Slain by Edmund

Illustrated notes

Levels and vault maps discovered:
D:1:      minmay_arrival_plants_in_alcoves, layout_basic, serial_shops,
          nicolae_shop_tiny_real_fake_doors, nicolae_shop_window_shopping, shop,
          shop, shop, chequers_big_river, chequers_decorated_corner
D:2:      layout_rooms, basic_altar
D:3:      layout_basic, kennysheep_okawaru_gauntlet,
          nicolae_ecumenical_snake_handling
D:4:      nicolae_cairo_tiling_very_big, layout_cave_pools, serial_shops,
          kennysheep_mini, uniq_sigmund, uniq_robin, uniq_pikel, uniq_edmund

Skill      XL: |  1  2  3  4  5 |
---------------+----------------+-----
Conjurations   | 2 3 4 5 6 |  6.4
Dodging        | |  2.4
Stealth        | |  2.4
Spellcasting   | |  4.4
Summonings     | |  1.1
Translocations | |  1.1

Action                     |  1- 3 |  4- 6 || total
---------------------------+-------+-------++-------
  Melee: Dagger            |     1 |     9 ||    10
   Cast: Magic Dart        |    76 |    44 ||   120
         Mephitic Cloud    |       |     2 ||     2
    Use: Scroll            |     1 |     5 ||     6
         Potion            |       |     2 ||     2
   Stab: Confused          |       |     1 ||     1
         Sleeping          |       |     1 ||     1
 Armour: Robe              |     1 |     6 ||     7
  Dodge: Dodged            |     9 |    11 ||    20

Table legend: (Time is in decaauts)
 A = Elapsed time spent in this place.
 B = Non-inter-level travel time spent in this place.
 C = Inter-level travel time spent in this place.
 D = Time resting spent in this place.
 E = Time spent auto-exploring this place.
 F = Levels seen in this place.
 G = Mean time per level.
                   A        B        C        D        E       F      G
               +--------+--------+--------+--------+--------+-----+--------+
         Total |   2993 |   2653 |    340 |      2 |   2211 |   4 |  748.2 |
       Dungeon |   2993 |   2653 |    340 |      2 |   2211 |   4 |  748.2 |
               +--------+--------+--------+--------+--------+-----+--------+

Top non-repeatable levels by time:
     D:1: 1229 daAuts
     D:3: 1076 daAuts
     D:2: 531 daAuts
     D:4: 155 daAuts
